 Dungeon Crawl Stone Soup version 0.22.1 (webtiles) character file.

4410 Heatsaber the Slicer (level 10, -14/46 HPs)
             Began as a Vine Stalker Skald on Sept 19, 2018.
             Was a Follower of Kikubaaqudgha.
             Demolished by a two-headed ogre
             ... wielding a +0 giant club
              (18 damage)
             ... on level 8 of the Dungeon.
             The game lasted 00:57:37 (6120 turns).

Heatsaber the Slicer (Vine Stalker Skald)           Turns: 6120, Time: 00:57:37

Health: -14/46     AC: 12    Str: 17    XL:     10   Next: 36%
Magic:  0/14       EV: 10    Int: 13    God:    Kikubaaqudgha [*.....]
Gold:   333        SH:  5    Dex: 14    Spells: 0/13 levels left

rFire    . . .     SeeInvis .   j - +2 dagger (pain)
rCold    . . .     Gourm    .   c - +0 buckler
rNeg     + . .     Faith    .   p - +0 scale mail
rPois    .         Spirit   +   i - +2 hat
rElec    .         Reflect  .   J - +0 cloak
rCorr    .         Harm     .   e - +1 pair of gloves
MR       +....                  (no boots)
Stlth    ..........             (no amulet)
HPRegen  0.55/turn              o - ring of wizardry
MPRegen  0.14/turn              z - ring of positive energy

@: about to teleport
A: fangs 3, regeneration 1, magic shield, antimagic bite, no potion heal 3, rot
immunity
a: Receive Corpses, Renounce Religion


You were on level 8 of the Dungeon.
You worshipped Kikubaaqudgha.
Kikubaaqudgha was aware of your devotion.
You were not hungry.

You visited 2 branches of the dungeon, and saw 9 of its levels.

You collected 333 gold pieces.

Inventory:

Hand Weapons
 a - a +0 hand axe
 j - a +2 dagger of pain (weapon)
 x - a +0 blowgun
 Q - a +2 dagger of speed
Missiles
 y - 24 poisoned needles
Armour
 c - a +0 buckler (worn)
 e - a +1 pair of gloves (worn)
 i - a +2 hat (worn)
 p - a +0 scale mail (worn)
 J - a +0 cloak (worn)
 M - a +0 shield
Magical Staves
 v - an uncursed staff of power
Jewellery
 b - an uncursed amulet of harm
 o - a ring of wizardry (left hand)
 z - a ring of positive energy (right hand)
Wands
 s - a wand of random effects (8)
 F - a wand of iceblast (5)
Scrolls
 f - 2 scrolls of noise
 h - a scroll of enchant armour
 l - 3 scrolls of magic mapping
 m - 3 scrolls of amnesia
 n - 5 scrolls of remove curse
 q - 2 scrolls of random uselessness {unknown}
 t - 4 scrolls of immolation
 D - a scroll of brand weapon {unknown}
 H - 2 scrolls of fog {unknown}
 I - 2 scrolls of blinking {unknown}
 K - a scroll of acquirement {unknown}
 L - 2 scrolls of identify
Potions
 k - a potion of magic {unknown}
 r - a potion of brilliance {unknown}
 u - 2 potions of lignification {unknown}
 w - 3 potions of degeneration {unknown}
 A - 2 potions of curing
 B - 2 potions of haste {unknown}
 E - 2 potions of flight {unknown}
 G - 3 potions of mutation {unknown}
 O - a potion of berserk rage {unknown}
 P - a potion of might {unknown}
Comestibles
 d - 11 rations


   Skills:
 - Level 1.7 Fighting
 + Level 9.8 Short Blades
 - Level 2.2 Axes
 + Level 5.2 Armour
 - Level 1.5 Dodging
 - Level 4.2 Shields
 - Level 2.1 Spellcasting
 - Level 3.3 Charms
 + Level 5.9 Necromancy


You couldn't memorise any spells.
You knew the following spells:

 Your Spells              Type           Power        Failure   Level  Hunger
a - Animate Skeleton      Necr           N/A          2%          1    ##.....
b - Song of Slaying       Chrm           ##......     12%         2    ###....
c - Regeneration          Chrm/Necr      ##........   14%         3    ####...
d - Infusion              Chrm           ##..         9%          1    ##.....
e - Spectral Weapon       Hex/Chrm       #.......     41%         3    ####...
f - Vampiric Draining     Necr           ###.......   9%          3    ####...

Your spell library contained the following spells:

 Spells                   Type           Power        Failure   Level  Hunger
 Pain                     Necr           ###.         2%          1    ##.....
 Sublimation of Blood     Necr           ###.......   4%          2    ###....
 Shroud of Golubria       Chrm/Tloc      #.........   24%         2    ###....
 Corona                   Hex            #......      30%         1    ##.....
 Slow                     Hex            #.......     41%         2    ###....
 Inner Flame              Hex/Fire       #.......     65%         3    ####...
 Portal Projectile        Hex/Tloc       #.....       65%         3    ####...
 Cause Fear               Hex            #.........   95%         4    #####..
 Leda's Liquefaction      Hex/Erth       #.........   95%         4    #####..


Dungeon Overview and Level Annotations

Branches:
Dungeon (8/15)             Temple (1/1) D:6
   Lair: D:8-11

Altars:
Ashenzari
Cheibriados
Dithmenos
Elyvilon
Fedhas
Gozag
Hepliaklqana
Kikubaaqudgha
Makhleb
Nemelex Xobeh
Okawaru
Qazlal
Ru
Sif Muna
Trog
Uskayaw
Vehumet
Wu Jian
Xom
Yredelemnul
Zin
The Shining One


Innate Abilities, Weirdness & Mutations

You have razor-sharp teeth.
Your natural rate of healing is unusually fast.
When hurt, damage is shared between your health and your magic reserves.
Your bite disrupts and absorbs the magic of your enemies.
Potions cannot restore your health.
You are immune to rotting.


Message History

Something hits you!!
* * * LOW HITPOINT WARNING * * *
Something hits you!
* * * LOW HITPOINT WARNING * * *
The ogre closely misses you.
Unknown command.
Okay, then.
Unknown command.
Okay, then.
Unknown command.
Okay, then.
Unknown command.
Okay, then.
Unknown command.
As you read the scroll labeled FILEKHL JUSA, it crumbles to dust.
It is a scroll of enchant weapon.
Your +1 dagger of pain glows red for a moment.
Something hits you!!
You die...
Kikubaaqudgha rasps: "You have failed me!
Welcome... death!"

#####....)
#. #.....#
#. #.###.#
## #.# ...##
#.# .....
#.# ..## #.#
#.#####.###.
#..{@O......
...###
#..####.###.
...... #..#
###### #..#
#..# #..#
#..#######
#.........
#.########


You could see an ogre.

Vanquished Creatures
  2 two-headed ogres (D:8)
  Pikel (D:4)
  The ghost of Ghost6211 the Shield-Bearer, a novice OpFi of Makhleb (D:5)
  Prince Ribbit (D:6)
  Menkaure (D:4)
  2 water moccasins (D:7)
  2 slaves (D:4)
  An orc warrior (D:6)
  An ice beast (D:8)
  An ogre (D:6)
  A phantom (D:8)
  Blork the orc (D:6)
  5 bullfrogs
  2 scorpions
  A wyvern skeleton (D:8)
  2 crimson imps
  2 bullfrog zombies
  4 hounds
  A jelly (D:5)
  A centaur skeleton (D:5)
  2 bullfrog skeletons (D:5)
  5 orc wizards
  Crazy Yiuf (D:6)
  2 orc priests (D:8)
  An iguana (D:6)
  Ijyb (D:5)
  3 worker ants
  A hound zombie (D:6)
  A hound skeleton (D:5)
  3 gnolls (D:5)
  11 adders
  A shadow imp (D:6)
  2 oozes
  An adder zombie (D:5)
  An adder skeleton (D:6)
  A worm (D:2)
  3 dart slugs
  4 leopard geckos
  29 orcs
  6 giant cockroaches
  8 goblins
  8 hobgoblins
  14 jackals
  12 kobolds
  3 quokkas
  4 ball pythons
  13 bats
  2 frilled lizards (D:1)
  A giant cockroach zombie (D:5)
  5 rats
182 creatures vanquished.

Vanquished Creatures (others)
  A slave (D:4)
  A scorpion (D:4)
2 creatures vanquished.

Grand Total: 184 creatures vanquished

Notes
Turn   | Place    | Note
-------+----------+-------------------------------------------
     0 | D:1      | Heatsaber the Vine Stalker Skald began the quest for the
                  | Orb.
     0 | D:1      | Reached XP level 1. HP: 11/11 MP: 4/4
    54 | D:1      | Reached XP level 2. HP: 14/15 MP: 4/6
    58 | D:1      | Learned a level 2 spell: Song of Slaying
   355 | D:1      | Reached skill level 1 in Shields
   627 | D:2      | Reached XP level 3. HP: 18/18 MP: 7/7
   883 | D:2      | Reached skill level 1 in Short Blades
  1401 | D:2      | Gained mutation: Your natural rate of healing is unusually
                  | fast. [Vine Stalker growth]
  1401 | D:2      | Reached XP level 4. HP: 13/23 MP: 4/8
  1487 | D:2      | Learned a level 3 spell: Regeneration
  1813 | D:3      | Reached skill level 1 in Necromancy
  1815 | D:3      | Reached skill level 2 in Short Blades
  1946 | D:3      | Reached XP level 5. HP: 26/26 MP: 9/9
  2560 | D:4      | Noticed a slave
  2560 | D:4      | Noticed a slave
  2619 | D:4      | Killed a slave
  2646 | D:4      | Killed a slave
  2866 | D:4      | Noticed Menkaure
  2920 | D:4      | Killed Menkaure
  2920 | D:4      | Reached skill level 3 in Short Blades
  2920 | D:4      | Reached XP level 6. HP: 13/30 MP: 4/10
  2954 | D:4      | Noticed Pikel
  2957 | D:4      | Noticed a slave
  2968 | D:4      | Noticed a slave
  2995 | D:4      | Killed Pikel
  2995 | D:4      | Reached skill level 4 in Short Blades
  2995 | D:4      | Reached XP level 7. HP: 17/34 MP: 8/11
  3157 | D:5      | Entered Level 5 of the Dungeon
  3157 | D:5      | Found a runed gate.
  3157 | D:5      | Found a runed gate.
  3157 | D:5      | Found a runed gate.
  3266 | D:5      | Gained mutation: You have razor-sharp teeth. [Vine Stalker
                  | growth]
  3266 | D:5      | Reached XP level 8. HP: 37/38 MP: 12/12
  3625 | D:5      | Noticed Ijyb
  3640 | D:5      | Killed Ijyb
  3727 | D:5      | Noticed Ghost6211's ghost (novice OpFi)
  3754 | D:5      | Reached skill level 5 in Short Blades
  3754 | D:5      | Reached skill level 5 in Necromancy
  3789 | D:5      | Killed Ghost6211's ghost
  3789 | D:5      | Reached skill level 6 in Short Blades
  3950 | D:6      | Noticed Blork the orc
  3963 | D:6      | Killed Blork the orc
  3963 | D:6      | Reached skill level 7 in Short Blades
  3995 | D:6      | Reached XP level 9. HP: 42/42 MP: 13/13
  4012 | D:6      | Found a staircase to the Ecumenical Temple.
  4135 | D:6      | Reached skill level 1 in Armour
  4183 | D:6      | Found a burning altar of Makhleb.
  4183 | D:6      | Noticed a cacodemon
  4186 | D:6      | Noticed an orange demon
  4223 | D:6      | Noticed Prince Ribbit
  4241 | D:6      | Killed Prince Ribbit
  4241 | D:6      | Reached skill level 8 in Short Blades
  4533 | D:6      | Found a runed door.
  4537 | D:6      | Noticed Crazy Yiuf
  4544 | D:6      | Killed Crazy Yiuf
  4589 | Temple   | Entered the Ecumenical Temple
  4841 | Temple   | Became a worshipper of Kikubaaqudgha
  5680 | D:8      | Noticed a two-headed ogre
  5685 | D:8      | Killed a two-headed ogre
  5685 | D:8      | Reached skill level 9 in Short Blades
  5685 | D:8      | Reached XP level 10. HP: 46/46 MP: 14/14
  5849 | D:8      | Noticed a two-headed ogre
  5871 | D:8      | Reached * piety under Kikubaaqudgha
  5871 | D:8      | Identified Kikubaaqudgha's Collected Works on Evil Rites
                  | (Kikubaaqudgha gifted it to you on level 8 of the Dungeon)
  5871 | D:8      | Received a gift from Kikubaaqudgha
  5890 | D:8      | Killed a two-headed ogre
  5890 | D:8      | Reached skill level 5 in Armour
  5942 | D:8      | Learned a level 1 spell: Animate Skeleton
  5946 | D:8      | Learned a level 3 spell: Vampiric Draining
  5951 | D:8      | Learned a level 3 spell: Spectral Weapon
  6105 | D:8      | Noticed a two-headed ogre
  6120 | D:8      | Demolished by a two-headed ogre

Skill      XL: |  1  2  3  4  5  6  7  8  9 10 |
---------------+-------------------------------+-----
Axes           | 2 |  2.2
Shields        | 1 2 3 4 |  4.2
Short Blades   | 1 2 3 4 7 9 |  9.8
Necromancy     | 1 2 3 4 5 |  5.9
Armour         | 4 5 |  5.2
Fighting       | |  1.7
Dodging        | |  1.5
Spellcasting   | |  2.1
Charms         | |  3.3

Action                   |  1- 3 |  4- 6 |  7- 9 | 10-12 || total
-------------------------+-------+-------+-------+-------++-------
Melee: Hand axe          |    14 |       |       |       ||    14
       Dagger            |   114 |   316 |   393 |    76 ||   899
       Bite              |    34 |    83 |   120 |    20 ||   257
 Fire: Blowgun           |       |     6 |     6 |       ||    12
 Cast: Infusion          |     2 |     3 |     2 |       ||     7
       Song of Slaying   |       |     5 |     3 |     1 ||     9
Evoke: Wand              |       |     3 |    10 |     7 ||    20
  Use: Scroll            |       |     5 |     3 |     2 ||    10
 Stab: Sleeping          |     1 |       |       |       ||     1
  Eat: Chunk             |     1 |     7 |     6 |     1 ||    15
       Ration            |       |       |     1 |       ||     1
Armor: Leather armour    |    14 |       |       |       ||    14
       Scale mail        |    33 |   139 |    88 |    17 ||   277
Dodge: Dodged            |    55 |   120 |    97 |    25 ||   297
Block: Buckler           |       |       |    55 |    12 ||    67
